 Dungeon Crawl Stone Soup version 0.21.1-1-g345015f (webtiles) character file.

261 Ethylacetat the Shooter (level 6, -3/56 HPs)
             Began as a Naga Hunter on July 9, 2018.
             Was an Initiate of Cheibriados.
             Slain by Grinder (4 damage)
             ... on level 3 of the Dungeon.
             The game lasted 00:06:56 (3480 turns).

Ethylacetat the Shooter (Naga Hunter)               Turns: 3480, Time: 00:06:57

Health: -3/56      AC:  3    Str: 15    XL:     6   Next: 18%
Magic:  5/6        EV:  9    Int: 18    God:    Cheibriados [......]
Gold:   87         SH:  0    Dex: 14    Spells: 5/5 levels left

rFire    . . .     SeeInvis +   o - +1 dagger (venom)
rCold    . . .     Gourm    .   (no shield)
rNeg     . . .     Faith    .   c - +0 leather armour
rPois    +         Spirit   .   (no helmet)
rElec    .         Reflect  .   (no cloak)
rCorr    .         Harm     .   (no gloves)
MR       .....                  (no barding)
Stlth    +++.......             (no amulet)
HPRegen  0.18/turn              (no ring)
MPRegen  0.10/turn              (no ring)

@: brilliant, short of breath, very slow
A: large, see invisible, deformed body, poison resistance, slowness 2, slow
metabolism 1, spit poison 1, AC +2
a: Spit Poison, Bend Time, Renounce Religion


You were on level 3 of the Dungeon.
You worshipped Cheibriados.
Cheibriados was noncommittal.
You were not hungry.

You visited 1 branch of the dungeon, and saw 3 of its levels.

You collected 87 gold pieces.

Inventory:

Hand Weapons
 a - a +1 shortbow
 b - a +0 short sword
 o - a +1 dagger of venom (weapon)
Missiles
 d - 36 arrows
Armour
 c - a +0 leather armour (worn)
Scrolls
 e - 2 scrolls of fog {unknown}
 i - 3 scrolls of identify {unknown}
 j - a scroll of random uselessness {unknown}
 l - a scroll of remove curse {unknown}
 m - 4 scrolls of teleportation {unknown}
 n - a scroll of immolation {unknown}
 q - a scroll of magic mapping {unknown}
Potions
 h - 3 potions of flight
 k - a potion of might
Comestibles
 f - 3 rations


   Skills:
 + Level 3.4 Fighting
 * Level 5.4 Bows
 - Level 1.5 Dodging
 + Level 4.7 Stealth


You had 5 spell levels left.
You didn't know any spells.

Dungeon Overview and Level Annotations

Branches:
Dungeon (3/15)

Altars:
Ashenzari
Cheibriados
Uskayaw

Annotations:
D:3 Grinder


Innate Abilities, Weirdness & Mutations

You cannot wear boots.
Your serpentine skin is tough. (AC +2)
You have supernaturally acute eyesight. (SInv)
Armour fits poorly on your strangely shaped body.
Your system is resistant to poisons. (rPois)
You cover ground very slowly.
You have a slow metabolism.
You can spit poison.


Message History

Your +1 dagger of venom begins to drip with poison!
You float gracefully downwards.
You feel a little less mighty now.
You start resting.
Press: ? - help, Shift-Dir - straight line, f/p - Grinder
Aim: Grinder, carrying a wand of polymorph (6) (hasn't noticed you)
The splash of poison hits Grinder.
Grinder is lightly wounded.
Grinder shouts!
You feel slightly more hungry.
You hit Grinder.
Grinder is lightly wounded.
Grinder hits you!
* * * LOW HITPOINT WARNING * * *
You writhe in agony.
* * * LOW HITPOINT WARNING * * *
Grinder hits you!
* * * LOW HITPOINT WARNING * * *
You writhe in agony.
You die...

#.....####.#.#.......#
###.#.#....#.#.#####.#
#.#.#.####.#.### #.#
#.#............###.#
####.#.#........#.#...#
.....#########.##.#.####
...........#....#......#
.....####....######.####
....####.)_..#..@.#.#
##.......[...#.##5#.#
....####.#.#.#......#
....# ##.#.#.####.###
....# #....#.# #.# ....#
#..###.# #.####### ##.##
#......# #.......#
#..####.######
########.## #.......####
#.........#


You could see Grinder.

Vanquished Creatures
  A centaur (D:3)
  Jessica (D:2)
  Terence (D:3)
  A worker ant (D:3)
  5 adders
  2 worms (D:2)
  2 dart slugs (D:1)
  A leopard gecko (D:1)
  An orc (D:3)
  6 bats
  7 giant cockroaches
  6 goblins
  3 hobgoblins
  2 jackals (D:2)
  2 quokkas (D:2)
  3 frilled lizards (D:1)
  4 kobolds
  8 rats
56 creatures vanquished.

Notes
Turn   | Place    | Note
-------+----------+-------------------------------------------
     0 | D:1      | Ethylacetat the Naga Hunter began the quest for the Orb.
     0 | D:1      | Reached XP level 1. HP: 19/19 MP: 1/1
   181 | D:1      | Reached XP level 2. HP: 21/26 MP: 2/2
   248 | D:1      | Reached skill level 4 in Bows
   964 | D:2      | Reached XP level 3. HP: 27/32 MP: 3/3
  1871 | D:2      | Noticed Jessica
  1880 | D:2      | Killed Jessica
  1880 | D:2      | Reached XP level 4. HP: 33/40 MP: 4/4
  2372 | D:2      | Found a shattered altar of Ashenzari.
  2768 | D:3      | Reached XP level 5. HP: 42/48 MP: 5/5
  2827 | D:3      | Found a hide-covered altar of Uskayaw.
  2976 | D:3      | Found a snail-covered altar of Cheibriados.
  2990 | D:3      | Became a worshipper of Cheibriados the Contemplative
  3145 | D:3      | Noticed a centaur
  3152 | D:3      | Killed a centaur
  3152 | D:3      | Reached skill level 5 in Bows
  3152 | D:3      | Reached XP level 6. HP: 21/56 MP: 6/6
  3418 | D:3      | Noticed Grinder
  3430 | D:3      | Noticed Terence
  3439 | D:3      | Killed Terence
  3480 | D:3      | HP: 1/56 [Grinder (9)]
  3480 | D:3      | Slain by Grinder

Skill      XL: |  1  2  3  4  5 |
---------------+----------------+-----
Stealth        | 2 3 4 |  4.7
Bows           | 4 5 |  5.4
Fighting       | 3 |  3.4
Dodging        | |  1.5

Action                   |  1- 3 |  4- 6 || total
-------------------------+-------+-------++-------
Melee: Short sword       |   102 |     5 ||   107
       Dagger            |       |    62 ||    62
 Fire: Shortbow          |     2 |       ||     2
Invok: Bend Time         |       |     2 ||     2
 Abil: Spit Poison       |     8 |    10 ||    18
  Use: Potion            |       |     4 ||     4
 Stab: Sleeping          |       |     2 ||     2
  Eat: Chunk             |     2 |     5 ||     7
Armor: Leather armour    |    22 |    16 ||    38
Dodge: Dodged            |    61 |    36 ||    97
